 Dungeon Crawl Stone Soup version 0.30-a0-222-ge547ba4400 (webtiles) character file.

Game seed: 9360735379146031841

215 lunkers the Cutter (level 6, -11/47 HPs)
             Began as a Meteoran Wanderer on Oct 8, 2022.
             Was a Follower of Zin.
             Mangled by a kobold
             ... wielding a +0 short sword of electrocution
              (17 damage)
             ... on level 4 of the Dungeon.
             The game lasted 00:04:14 (1758 turns).

lunkers the Cutter (Meteoran Wanderer)              Turns: 1758, Time: 00:04:14

Health: -11/47     AC:  6    Str: 13    XL:     6   Next: 39%
Magic:  9/9        EV:  9    Int: 11    God:    Zin [*.....]
Gold:   78         SH:  5    Dex: 19    Spells: 7/7 levels left

rFire   . . .      SeeInvis .    v - +2 dagger (venom)
rCold   . . .      Faith    .    c - +0 buckler
rNeg    + . .      Spirit   .    l - +0 ring mail
rPois   +          Reflect  .    (no helmet)
rElec   .          Harm     .    (no cloak)
rCorr   .          Rampage  .    (no gloves)
Will    .....                    h - +0 pair of boots
Stlth   +.........               (no amulet)
HPRegen 0.27/turn                g - ring of positive energy
MPRegen 0.11/turn                o - ring of poison resistance

@: on recite cooldown, glowing
A: sense surroundings 1, otherworldly, glowing, explore regen
a: Renounce Religion, Recite, Donate Gold


You were on level 4 of the Dungeon.
You worshipped Zin.
Zin was aware of your devotion.
You visited 1 branch of the dungeon, and saw 4 of its levels.

You collected 86 gold pieces.
You donated 8 gold pieces to Zin.

Inventory:

Hand Weapons
 a - a +2 short sword
 b - a +0 falchion
 n - a +1 dagger of venom
 v - a +2 dagger of venom (weapon)
Missiles
 r - 2 throwing nets
Armour
 c - a +0 buckler (worn)
 e - a +0 robe
 h - a +0 pair of boots (worn)
 l - a +0 ring mail (worn)
 q - an orb of light
Jewellery
 g - a ring of positive energy (left hand)
 o - a ring of poison resistance (right hand)
Scrolls
 m - a scroll of fear {unknown}
 p - a scroll of teleportation {unknown}
 t - a scroll of identify
 u - a scroll of silence {unknown}
Potions
 d - 2 potions of flight
 f - a potion of lignification {unknown}
 i - 2 potions of heal wounds {unknown}
 j - a potion of magic {unknown}
 k - a potion of might {unknown}
 s - a potion of curing {unknown}


   Skills:
 - Level 1.1 Fighting
 + Level 7.6(7.7) Short Blades
 - Level 1.2(5.3) Long Blades
 - Level 2.4 Shields
 - Level 1.3 Spellcasting
 - Level 1.2 Evocations


You had 7 spell levels left.
You didn't know any spells.
Your spell library was empty.

Dungeon Overview and Level Annotations

Branches:
Dungeon (4/15) Zot: 704    Temple (0/1) D:4

Altars:
Zin


Innate Abilities, Weirdness & Mutations

You passively map a small area around you.
You are easily found by Zot.
You glow in the dark.
You regain HP and MP as you explore.


Message History

You hear a shout!
The kobold is no longer dazed.
The kobold is lost in a daze.
You closely miss the kobold. "...those who did not become hygienic would be condemned?"
You finish reciting Ablutions 6:62.
You feel sick.
You hit the kobold.
The kobold is poisoned.
The kobold is moderately wounded.
You feel sick. The kobold closely misses you.
You barely miss the kobold.
The kobold is moderately wounded.
You closely miss the kobold.
The kobold is severely wounded.
You feel sick.
You kill the kobold!
The kobold brigand throws a curare-tipped dart.
The curare-tipped dart hits you.
The kobold is lost in a daze.
You hit the kobold.
The kobold is poisoned.
The kobold is severely wounded.
You feel sick. The kobold hits you with a +0 whip.
* * * LOW HITPOINT WARNING * * *
You hit the kobold but do no damage.
The kobold is severely wounded.
You hit the kobold but do no damage.
The kobold looks as sick as possible!
The kobold is severely wounded.
You feel sick.
You are no longer poisoned.
You kill the kobold!
The kobold brigand barely misses you.
The kobold is lost in a daze.
You hit the kobold.
The kobold is poisoned.
The kobold is heavily wounded.
You block the kobold's attack. You block the kobold brigand's attack.
You closely miss the kobold. You barely miss the kobold.
The kobold hits you but does no damage.
The kobold brigand hits you with a +0 dagger.
* * * LOW HITPOINT WARNING * * *
The kobold hits you with a +0 short sword of electrocution.
* * * LOW HITPOINT WARNING * * *
You are electrocuted!
You die...

# #...............#
* #
#................ #
#........)......#**
, #
########.†###....<
# #...### #* ., #
#.....# , .. ,
#..♣..♣♣ ... #
#..#PKK♣♣## ....
###### ##)#P@♣)♣.#
..... , .....#
##.###KKKK♣......
,, #....####
#..####♣K.K......
#.......# #...P#
#♣)....†.. ,
#....##.# #..PP#
#♣.♣....§ ,
#....##.# #..##..#
#.....§ , .....##.#
##..#♣..♣ ♣.....
.....##.## ##.#
P♣.♣ ...†.
.....##..## #.# #*.
*....


You could see a kobold brigand and 7 kobolds.

Vanquished Creatures
  A phantom (D:4)
  7 gnolls
  An adder (D:2)
  A worm (D:3)
  An orc (D:4)
  5 ball pythons
  5 endoplasms
  5 goblins
  4 hobgoblins
  4 jackals (D:3)
  16 kobolds
  3 quokkas
  7 bats
  A frilled lizard (D:1)
  A rat (D:1)
62 creatures vanquished.

Vanquished Creatures (others)
  49 plants (D:4)
49 creatures vanquished.

Grand Total: 111 creatures vanquished

Notes
Turn   | Place    | Note
-------+----------+-------------------------------------------
     0 | D:1      | lunkers the Meteoran Wanderer began the quest for the Orb.
     0 | D:1      | lunkers set off with the following items: a +2 short sword,
                  | a +0 falchion, a +0 buckler, a scroll of blinking, a +0
                  | robe.
     0 | D:1      | Reached XP level 1. HP: 16/16 MP: 3/3
   148 | D:1      | Reached XP level 2. HP: 23/23 MP: 5/5
   221 | D:1      | Reached skill level 5 in Short Blades
   453 | D:1      | Reached XP level 3. HP: 28/28 MP: 6/6
   649 | D:3      | Reached XP level 4. HP: 35/35 MP: 7/7
   681 | D:2      | Reached skill level 6 in Short Blades
  1146 | D:3      | Found a faded altar of an unknown god.
  1154 | D:3      | Prayed at the altar of an unknown god.
  1154 | D:3      | Became a worshipper of Zin the Law-Giver
  1154 | D:3      | Reached * piety under Zin
  1354 | D:3      | Reached XP level 5. HP: 38/40 MP: 8/8
  1378 | D:3      | HP: 2/40 [gnoll/+0 halberd (12)]
  1613 | D:4      | Found a staircase to the Ecumenical Temple.
  1654 | D:4      | Noticed a phantom
  1680 | D:4      | Killed a phantom
  1681 | D:4      | Reached skill level 7 in Short Blades
  1681 | D:4      | Reached XP level 6. HP: 29/47 MP: 9/9
  1758 | D:4      | Mangled by a kobold

Illustrated notes

Levels and vault maps discovered:
D:1:      lightli_arrival_chessboard, layout_loops_ring,
          chequers_serial_rivers_micro_e
D:2:      layout_basic
D:3:      layout_loops_corners, shapermc_ecumenical_altar_gd
D:4:      kennysheep_kobold_camp, layout_basic,
          minmay_temple_entry_glassed_door, portal_sewer_entry_e

Skill      XL: |  1  2  3  4  5 |
---------------+----------------+-----
Short Blades   | 5 6 7 |  7.6
Fighting       | |  1.1
Long Blades    | |  1.2
Shields        | |  2.4
Spellcasting   | |  1.3
Evocations     | |  1.2

Action                   |  1- 3 |  4- 6 || total
-------------------------+-------+-------++-------
Melee: Short sword       |    60 |    23 ||    83
       Dagger            |       |   148 ||   148
Invok: Recite            |       |     1 ||     1
  Use: Scroll            |     2 |       ||     2
 Stab: Sleeping          |     1 |       ||     1
Armor: Robe              |     9 |       ||     9
       Ring mail         |     6 |    53 ||    59
Dodge: Dodged            |    15 |    45 ||    60
Block: Buckler           |     7 |    36 ||    43

Table legend: (Time is in decaauts)
 A = Elapsed time spent in this place.
 B = Non-inter-level travel time spent in this place.
 C = Inter-level travel time spent in this place.
 D = Time resting spent in this place.
 E = Time spent auto-exploring this place.
 F = Levels seen in this place.
 G = Mean time per level.
                   A        B        C        D        E       F      G
               +--------+--------+--------+--------+--------+-----+--------+
         Total |   1694 |   1634 |     60 |      0 |   1135 |   4 |  423.5 |
       Dungeon |   1694 |   1634 |     60 |      0 |   1135 |   4 |  423.5 |
               +--------+--------+--------+--------+--------+-----+--------+

Top non-repeatable levels by time:
     D:3: 673 daAuts
     D:1: 457 daAuts
     D:2: 300 daAuts
     D:4: 263 daAuts
